 Dungeon Crawl Stone Soup version 0.28.0-47-ge53b351184 (webtiles) character file.

Game seed: 162333620006225803

98 klau3 the Grave Robber (level 4, -3/30 HPs)
             Began as a Demonspawn Necromancer on May 6, 2022.
             Frozen to death by an endoplasm (5 damage)
             ... on level 2 of the Dungeon.
             The game lasted 00:11:13 (3130 turns).

klau3 the Grave Robber (Demonspawn Necromancer)     Turns: 3130, Time: 00:11:13

Health: -3/30      AC:  9    Str: 10    XL:     4   Next: 43%
Magic:  1/8        EV: 16    Int: 17    God:
Gold:   118        SH:  4    Dex: 13    Spells: 3/8 levels left

rFire   . . .      SeeInvis .   b - +0 mace (protect)
rCold   . . .      Faith    .   (no shield)
rNeg    . . .      Spirit   .   a - +0 robe
rPois   .          Reflect  .   (no helmet)
rElec   .          Harm     .   (no cloak)
rCorr   .          Rampage  .   (no gloves)
Will    .....                   (no boots)
Stlth   ++........              (no amulet)
HPRegen 0.10/turn               h - +4 ring of evasion
MPRegen 0.11/turn               (no ring)

@: under a protective aura
A: hooves 1, condensation shield
a: no special abilities


You were on level 2 of the Dungeon.
You visited 1 branch of the dungeon, and saw 3 of its levels.

You collected 118 gold pieces.

Inventory:

Hand Weapons
 b - a +0 mace of protection (weapon)
Missiles
 d - 5 poisoned darts
Armour
 a - a +0 robe (worn)
Jewellery
 h - a +4 ring of evasion (left hand)
Scrolls
 f - a scroll of magic mapping {unknown}
 g - a scroll of fear {unknown}
 j - a scroll of identify {unknown}
 k - a scroll of enchant armour {unknown}
Potions
 e - a potion of haste {unknown}
 i - a potion of curing {unknown}


   Skills:
 + Level 0.1 Fighting
 + Level 0.7 Maces & Flails
 + Level 2.1 Dodging
 + Level 1.8 Stealth
 + Level 2.8 Spellcasting
 + Level 5.5 Necromancy


You had 3 spell levels left.
You knew the following spells:

 Your Spells              Type           Power      Damage    Failure   Level
a - Pain                  Necr           84%        1d8       1%          1
b - Animate Skeleton      Necr           42%        N/A       1%          1
c - Vampiric Draining     Necr           21%        2d7       5%          3

Your spell library contained the following spells:

 Spells                   Type           Power      Damage    Failure   Level
 Animate Dead             Necr           10%        N/A       19%         4
 Agony                    Necr           21%        N/A       45%         5


Dungeon Overview and Level Annotations

Branches:
Dungeon (3/15)

Altars:
Vehumet

Shops:
D:3 (

Annotations:
D:2 1 runed translucent door, Crazy Yiuf


Innate Abilities, Weirdness & Mutations

You have large cloven feet.
A meltable shield of frost defends you. (SH +4)


Message History

Press: ? - help, Q - select action, (/) - cycle Shift-Dir - straight line, f - gnoll
Aim: a gnoll, wielding a +0 club (chance to affect: 85%)
The gnoll writhes in agony.
The gnoll hits you with a +0 club. The endoplasm barely misses you.
Aiming: Pain (safe; 1% risk of failure)
Press: ? - help, Q - select action, (/) - cycle Shift-Dir - straight line, f/p - gnoll
Aim: a gnoll, wielding a +0 club (moderately wounded, chance to affect: 85%)
The gnoll writhes in agony.
The gnoll misses you. The endoplasm freezes you.
You are frozen.
* * * LOW HITPOINT WARNING * * *
You hit the gnoll but do no damage.
Your weapon exudes an aura of protection.
You kick the gnoll.
The gnoll is severely wounded.
The gnoll hits you with a +0 club.
* * * LOW HITPOINT WARNING * * *
You block the endoplasm's attack.
You barely miss the gnoll.
The gnoll is severely wounded.
The gnoll misses you. You block the endoplasm's attack.
The gnoll hits you with a +0 club.
* * * LOW HITPOINT WARNING * * *
You hit the gnoll.
You kill the gnoll!
The endoplasm hits you.
* * * LOW HITPOINT WARNING * * *
The endoplasm hits you but does no damage.
The endoplasm misses you.
You see here a +0 club.
The endoplasm freezes you.
You are frozen.
* * * LOW HITPOINT WARNING * * *
An endoplasm is nearby!
You hit the endoplasm. You kick the endoplasm.
The endoplasm is almost dead.
The endoplasm freezes you.
You are frozen.
You die...

#.# #.. #####.# #..
#.....# #..
#.######## #..
#.#......###.#
#####.#.####.#...#
##...##..####.#.###
##8.<.8##..<##.#.#
#.)@....#.####.#.#
#.J.8.>.#.# #...#
#.......#.# ###.#
##8...8##.# ###
##...##..#
##)##..## #....##
######


You could see an endoplasm.

Vanquished Creatures
  4 adders (D:2)
  A gnoll (D:2)
  2 worms (D:2)
  A dart slug (D:1)
  7 bats
  5 endoplasms
  2 giant cockroaches
  5 goblins
  6 hobgoblins
  2 quokkas (D:2)
  2 ball pythons
  3 frilled lizards
  3 kobolds
  A rat (D:3)
44 creatures vanquished.

Notes
Turn   | Place    | Note
-------+----------+-------------------------------------------
     0 | D:1      | klau3 the Demonspawn Necromancer began the quest for the
                  | Orb.
     0 | D:1      | Reached XP level 1. HP: 13/13 MP: 3/3
   444 | D:1      | Gained mutation: A meltable shield of frost defends you.
                  | (SH +4) [demonic ancestry]
   444 | D:1      | Reached XP level 2. HP: 14/19 MP: 1/5
   916 | D:1      | Found a faded altar of an unknown god.
  1669 | D:2      | Gained mutation: You have large cloven feet. [demonic
                  | ancestry]
  1669 | D:2      | Reached XP level 3. HP: 20/24 MP: 1/6
  2079 | D:2      | Reached skill level 5 in Necromancy
  2284 | D:2      | Learned a level 1 spell: Animate Skeleton
  2288 | D:2      | Learned a level 3 spell: Vampiric Draining
  2424 | D:2      | Reached XP level 4. HP: 20/30 MP: 0/7
  3002 | D:2      | Found a runed translucent door.
  3003 | D:2      | Noticed Crazy Yiuf
  3063 | D:3      | Found Totap's Weapon Emporium.
  3080 | D:3      | Found a radiant altar of Vehumet.
  3130 | D:2      | Frozen to death by an endoplasm

Illustrated notes

Levels and vault maps discovered:
D:1:      psy_arrival_spokes, layout_basic,
          hellmonk_ecumenical_altar_heavens_door
D:2:      minmay_recursive_quarters, layout_basic, minmay_misc_feat_alley,
          grunt_ministairs_7, chequers_serial_rivers_large_a,
          uniq_crazy_yiuf_cottage, uniq_robin
D:3:      layout_rooms, lemuel_tele_altar, serial_shops, shop, uniq_sigmund

Skill      XL: |  1  2  3 |
---------------+----------+-----
Dodging        | 2 |  2.1
Necromancy     | 5 |  5.5
Fighting       | |  0.1
Maces & Flails | |  0.7
Stealth        | |  1.8
Spellcasting   | |  2.8

Action                   |  1- 3 |  4- 6 || total
-------------------------+-------+-------++-------
Melee: Mace              |    28 |     8 ||    36
       Kick              |     4 |     2 ||     6
Throw: Javelin           |       |    11 ||    11
       Dart              |       |     1 ||     1
 Cast: Pain              |    59 |     6 ||    65
       Animate Skeleton  |     2 |     2 ||     4
       Vampiric Draining |       |     2 ||     2
Armor: Robe              |     9 |     5 ||    14
Dodge: Dodged            |    27 |    25 ||    52
Block: Other             |     4 |     5 ||     9
